 Dungeon Crawl Stone Soup version 0.15-a0-834-gd31242b (webtiles) character file.

53 4tharraofdagon the Insei (level 3, -1/19 HPs)
             Began as a Vine Stalker Monk on May 15, 2014.
             Killed from afar by an orc wizard (6 damage)
             ... with a puff of flame
             ... on Level 5 of the Dungeon.
             The game lasted 00:02:13 (407 turns).

4tharraofdagon the Insei (Vine Stalker Monk)         Turns: 407, Time: 00:02:13

HP  -1/19        AC  4     Str 13      XL: 3   Next: 89%
MP   0/4         EV 13     Int 10      God:
Gold 39          SH  0     Dex 17      Spells:  0 memorised,  2 levels left

rFire  . . .     SeeInvis .       - Unarmed
rCold  . . .     Clarity  .     a - +0 robe
rNeg   . . .     Conserve .     (no shield)
rPois  .         rCorr    .     (no helmet)
rElec  .         rRot     +     (no cloak)
SustAb + .       Spirit   +     (no gloves)
rMut   .         Warding  .     (no boots)
Gourm  .         Stasis   .     (no amulet)
MR     .....                    f - +2 ring of protection
                                d - ring of sustain abilities

@: not resistant to hostile enchantments, unstealthy
A: fangs 2, regeneration 1, magic shield, antimagic bite, no device heal 2
a: no special abilities


You were on level 5 of the Dungeon.
You were not hungry.

You visited 1 branch of the dungeon, and saw 5 of its levels.

You collected 39 gold pieces.

Inventory:

Missiles
 e - 2 tomahawks (quivered)
Armour
 a - a +0 robe (worn)
Comestibles
 b - a bread ration
Scrolls
 c - 5 scrolls of identify {unknown}
 g - 2 scrolls of blinking {unknown}
Jewellery
 d - a ring of sustain abilities (left hand)
 f - a +2 ring of protection (right hand)


   Skills:
 + Level 2.9 Fighting
 + Level 2.8 Dodging
 + Level 3.0 Stealth
 * Level 4.6 Unarmed Combat


You had 2 spell levels left.
You didn't know any spells.

Dungeon Overview and Level Annotations

Branches:
Dungeon (5/15)
 Temple: D:4-7

Altars:
Dithmenos
Trog


Innate Abilities, Weirdness & Mutations

You are immune to rotting.
You have extremely sharp teeth.
Your natural rate of healing is unusually fast.
When hurt, damage is shared between your health and your magic reserves.
Your bite disrupts and absorbs the magic of your enemies.
Potions and wands cannot restore your health.


Message History

You drain its magic.
You feel invigorated.
The orc wizard is severely wounded.
The orc wizard gestures at you while chanting.
The puff of flame hits you!
One of your 3 scrolls labeled STROMI THOE catches fire!
* * * LOW HITPOINT WARNING * * *
Unknown command.
You barely miss the orc wizard. Your bite misses the orc wizard.
The orc wizard is severely wounded.
The orc wizard gestures wildly while chanting.
The orc wizard seems to speed up.
Unknown command.
Unknown command.
You hit the orc wizard.
The orc wizard is almost dead.
The orc wizard gestures wildly while chanting.
The orc wizard blinks!
The orc wizard points at you and mumbles some strange words.
The puff of flame hits you!
You die...

# #. #.. #...
#....####
#...Zo@.#######.
#######.#.......
#.ยง....#
#......#
#......#
#.o....###
#........#
#........#
#........#


You could see 2 orc wizards and a hippogriff skeleton.

Vanquished Creatures
  3 adders (D:2)
  An ooze (D:2)
  An orc (D:5)
  2 hobgoblins
  3 jackals (D:2)
  A kobold (D:2)
  A ball python (D:1)
  A bat (D:1)
  4 giant cockroaches
  A giant gecko (D:2)
  A giant newt (D:2)
  3 goblins
  4 rats
26 creatures vanquished.

Notes
Turn   | Place    | Note
--------------------------------------------------------------
     0 | D:1      | 4tharraofdagon, the Vine Stalker Monk, began the quest for the Orb.
     0 | D:1      | Reached XP level 1. HP: 11/11 MP: 1/1
   107 | D:2      | Reached XP level 2. HP: 10/16 MP: 3/3
   157 | D:2      | Reached XP level 3. HP: 3/19 MP: 2/4
   265 | D:2      | Found a shadowy altar of Dithmenos.
   339 | D:3      | Found a bloodstained altar of Trog.
   359 | D:4      | Noticed an ogre
   369 | D:5      | Entered Level 5 of the Dungeon
   407 | D:5      | Killed from afar by an orc wizard

Action                   || total
-------------------------++-------
Melee: Unarmed           ||    90
  Use: Potion            ||     4
 Stab: Sleeping          ||     2

Vault maps used:
D:1:      grunt_arrival_crossed_arrows
D:2:      vehumet_altar_wand_db, old_standard_altar,
          lemuel_zombie_altar_kikubaaqudgha
D:3:      old_standard_altar, bloody_trog
D:4:      minmay_temple_entry_purple_smoke
D:5:      grunt_gozag_potion_petition, kennysheep_mini_moat, first_bread
